 Dungeon Crawl Stone Soup version 0.27.1 (webtiles) character file.

Game seed: 10272883174231126552

48 safid the Skirmisher (level 3, 0/33 HPs)
             Began as a Hill Orc Fighter on Sept 2, 2021.
             Slain by a frilled lizard (3 damage)
             ... on level 2 of the Dungeon.
             The game lasted 00:03:53 (1111 turns).

safid the Skirmisher (Hill Orc Fighter)             Turns: 1111, Time: 00:03:53

Health: 0/33       AC:  7    Str: 19    XL:     3   Next: 72%
Magic:  3/3        EV:  8    Int: 11    God:
Gold:   46         SH:  9    Dex: 10    Spells: 2/2 levels left

rFire    . . .     SeeInvis .   i - +3 war axe of the Reaper {vorpal, Int+3}
rCold    . . .     Faith    .   c - +0 kite shield
rNeg     . . .     Spirit   .   h - +2 ring mail {rPois}
rPois    +         Reflect  .   (no helmet)
rElec    .         Harm     .   (no cloak)
rCorr    .         Rampage  .   (no gloves)
Will     .....                  (no boots)
Stlth    ..........             (no amulet)
HPRegen  0.11/turn              (no ring)
MPRegen  0.08/turn              (no ring)

@: no status effects
A: no striking features
a: no special abilities


You were on level 2 of the Dungeon.
You visited 1 branch of the dungeon, and saw 2 of its levels.

You collected 46 gold pieces.

Inventory:

Hand Weapons
 i - the +3 war axe of the Reaper (weapon) {vorpal, Int+3}
   (You found it on level 1 of the Dungeon)

   It inflicts extra damage upon your enemies.
   Int:       It affects your intelligence (+3).
Missiles
 f - 11 poisoned darts (quivered)
Armour
 c - a +0 kite shield (worn)
 h - a +2 ring mail of poison resistance (worn)
Scrolls
 b - a scroll of identify {unknown}
Potions
 a - a potion of curing {unknown}
 d - a potion of might
 e - 2 potions of brilliance {unknown}
 g - a potion of magic {unknown}


   Skills:
 + Level 4.1 Fighting
 + Level 3.5 Axes
 + Level 3.8 Armour
 + Level 3.8 Shields


You had 2 spell levels left.
You didn't know any spells.
Your spell library was empty.

Dungeon Overview and Level Annotations

Branches:
Dungeon (2/15)

Altars:


Message History

You kill the rat!
The gnoll barely misses you. You block the gnoll's attack.
The gnoll hits you with a +0 club.
You barely miss the gnoll. The gnoll hits you but does no damage.
The gnoll closely misses you. The gnoll barely misses you.
You hit the gnoll but do no damage. The gnoll hits you but does no damage.
The gnoll closely misses you. The gnoll hits you with a +0 club.
You slash the gnoll!
The gnoll is almost dead.
The gnoll hits you from afar with a +0 spear.
The gnoll closely misses you. You block the gnoll's attack.
The gnoll hits you with a +0 club.
You slash the gnoll!
You kill the gnoll!
A gnoll comes into view. It is wielding a +0 club.
The gnoll barely misses you. The orc hits you but does no damage.
The gnoll moves out of view.
You slash the orc!
You kill the orc!
The gnoll hits you but does no damage.
The gnoll hits you from afar with a +0 spear.
The goblin hits you but does no damage.
You barely miss the goblin. You block the gnoll's attack.
You block the goblin's attack.
You closely miss the goblin.
The gnoll hits you from afar with a +0 spear.
* * * LOW HITPOINT WARNING * * *
You block the goblin's attack. You block the gnoll's attack.
The goblin hits you with a +0 club.
* * * LOW HITPOINT WARNING * * *
You completely miss the goblin.
The gnoll hits you from afar with a +0 spear.
* * * LOW HITPOINT WARNING * * *
The goblin barely misses you.
You slash the goblin!
You kill the goblin!
The gnoll hits you from afar with a +0 spear.
* * * LOW HITPOINT WARNING * * *
The frilled lizard bites you.
You die...

#.#
#.#.......#.
#.#.......'
#.#.......##
##########.#
..>....
...........#
.....
############


.lg #l# #@# #.# #.# #.# #.# #.# #.# #.########.## #.#).<....... You could see a
gnoll and 2 frilled lizards.

Vanquished Creatures
  A gnoll (D:2)
  An orc (D:2)
  4 bats (D:1)
  An endoplasm (D:1)
  3 giant cockroaches (D:1)
  5 goblins
  2 hobgoblins (D:1)
  6 jackals (D:1)
  A kobold (D:1)
  2 quokkas (D:1)
  3 ball pythons (D:1)
  A frilled lizard (D:1)
  2 rats
32 creatures vanquished.

Notes
Turn   | Place    | Note
-------+----------+-------------------------------------------
     0 | D:1      | safid the Hill Orc Fighter began the quest for the Orb.
     0 | D:1      | Reached XP level 1. HP: 19/19 MP: 1/1
    79 | D:1      | Reached XP level 2. HP: 12/27 MP: 2/2
   312 | D:1      | Found a faded altar of an unknown god.
   526 | D:1      | Reached skill level 4 in Fighting
   528 | D:1      | Reached XP level 3. HP: 25/33 MP: 3/3
   663 | D:1      | Identified the +3 war axe of the Reaper {vorpal, Int+3}
  1111 | D:2      | Slain by a frilled lizard

Illustrated notes

Levels and vault maps discovered:
D:1:      ncdulo_wetmaze, layout_basic, ebering_ecumenical_altar_ruins,
          amcnicky_mini_pool_small, dk_noncrumbling_4, columned_hall_lemuel,
          minmay_worlds_worst_comb
D:2:      layout_basic

Skill      XL: |  1  2 |
---------------+-------+-----
Axes           | 3 |  3.5
Fighting       | 4 |  4.1
Armour         | |  3.8
Shields        | |  3.8

Action                   || total
-------------------------++-------
Melee: War axe           ||    77
Armor: Scale mail        ||    35
       Ring mail         ||    10
Dodge: Dodged            ||    34
Block: Kite shield       ||    42
